cohdb
Replays
Latest Replays
All Replays
Popular Replays
Top Player Replays
Match Explorer
How It Works
Community
CoH3 Stats
Reddit
Sign in to upload your games and track your stats! →
Sign in with Steam
Match 24273765
Unlisted
Match 24273765
Overview
Messages
Build Orders
End
Selects Airborne Battlegroup
Selects Heavy Machine Gun Paradrop
Heavy Machine Gun Paradrop
Construct Weapon Support Center
Bazooka Squad
Heavy Machine Gun Paradrop
Mechanized Support Center
Construct Motor Pool
Selects Paratrooper Squad Paradrop
Paratrooper Squad Paradrop
M8 Greyhound Armored Car
Paratrooper Squad Paradrop
Selects Anti-tank Gun Team Paradrop
Anti-tank Gun Team Paradrop
Construct Tank Depot
M4(105) Sherman Bulldozer
Selects Recon Loiter
Selects Supply Drop
Construct Medical Station
Warashes
Blaze Rembrandt
wutface
iceman
UH|dun! ツ
insane
0
0
Comments
sign in to comment!
No comments posted yet!